 Dungeon Crawl Stone Soup version 0.27-a0-890-ged2907cb04 (webtiles) character file.

Game seed: 6983765124360026170

1 Kakkamies the Shield-Bearer (level 1, 17/18 HPs)
             Began as a Formicid Fighter on Apr 5, 2021.
             Was a Follower of Qazlal.
             Got out of the dungeon alive.
             The game lasted 00:00:21 (83 turns).

Kakkamies the Shield-Bearer (Formicid Fighter)        Turns: 83, Time: 00:00:22

Health: 17/18      AC:  6    Str: 20    XL:     1   Next: 22%
Magic:  1/1        EV:  7    Int:  7    God:    Qazlal [*.....]
Gold:   0          SH: 10    Dex: 10    Spells: 0/0 levels left

rFire    . . .     SeeInvis +   a - +0 trident
rCold    . . .     Faith    .   c - +0 kite shield
rNeg     . . .     Spirit   .   b - +0 scale mail
rPois    .         Reflect  .   (helmet unavailable)
rElec    .         Harm     .   (no cloak)
rCorr    .         Rampage  .   (no gloves)
Will     .....                  (no boots)
Stlth    ..........             (no amulet)
HPRegen  0.06/turn              (no ring)
MPRegen  0.07/turn              (no ring)

@: no status effects
A: permanent stasis, dig shafts and tunnels, antennae 3, four strong arms
a: Dig, Shaft Self, Renounce Religion


You escaped.
You worshipped Qazlal.
Qazlal was aware of your devotion.
You visited 1 branch of the dungeon, and saw 1 of its levels.

Inventory:

Hand Weapons
 a - a +0 trident (weapon)
Armour
 b - a +0 scale mail (worn)
 c - a +0 kite shield (worn)
Scrolls
 e - a scroll of enchant weapon {unknown}
Potions
 d - a potion of might


   Skills:
 + Level 3.3 Fighting
 + Level 2.0 Polearms
 + Level 3.3 Armour
 + Level 3.6 Shields


You couldn't memorise any spells.
You didn't know any spells.
Your spell library was empty.

Dungeon Overview and Level Annotations

Branches:
Dungeon (1/15)

Altars:
Qazlal


Innate Abilities, Weirdness & Mutations

You cannot be hasted, slowed, berserked, paralysed or teleported.
You can dig through walls and to a lower floor.
You have a pair of large antennae on your head. (SInv)
Your four strong arms can wield two-handed weapons with a shield.


Message History

Welcome, Kakkamies the Formicid Fighter.
The bosom of this dungeon contains the fabulous artefact, the Orb of Zot.
Press ? for a list of commands and other information.
Found a scroll labelled BYSYDA VUULIACW.
Found a staircase leading out of the dungeon.
e - a scroll labelled BYSYDA VUULIACW
There is an empty arch of ancient stone here.
Found an escape hatch in the floor.
Found an escape hatch in the floor.
There is an escape hatch in the floor here.
Found a faded altar of an unknown god.
A quokka comes into view.
You reach to attack!
You closely miss the quokka. You closely miss the quokka.
The quokka twitches its whiskers.
The quokka closely misses you. The quokka bites you.
You puncture the quokka!
You kill the quokka!
No target in view!
No target in view!
There is a faded altar of an unknown god here.
You cannot tell which god this altar belongs to.
Convert to them anyway?
Qazlal accepts your prayer! Qazlal welcomes you!
Qazlal grants you and your divine allies immunity to clouds.
You are now surrounded by a storm.
There is a staircase leading out of the dungeon here.
Are you sure you want to leave the Dungeon?
This will make you lose the game!
Uppercase [Y]es or [N]o only, please.
Are you sure you want to leave the Dungeon?
This will make you lose the game!
You have escaped!

#.# #.########.#
#.......##.#
#..♣♣♣♣♣..#.###
♣.♣♣♣♣♣......#
♣♣.∩∩∩♣.♣♣.>.#
♣♣∩.....∩♣♣...#
♣∩..♣♣♣..∩♣♣..#
♣∩...@...∩♣♣..#
♣∩..♣♣♣..∩♣♣..#
..♣♣∩.....∩♣♣...#
⌠.♣♣♣♣∩.∩♣♣♣♣.>##
#.♣♣♣♣.♣♣♣♣.###
#..♣♣.♣♣..##
##........#
.####....#....#
.........##.##


There were no monsters in sight!

Vanquished Creatures
  A quokka (D:1)
1 creature vanquished.

Notes
Turn   | Place    | Note
-------+----------+-------------------------------------------
     0 | D:1      | Kakkamies the Formicid Fighter began the quest for the Orb.
     0 | D:1      | Reached XP level 1. HP: 18/18 MP: 1/1
    22 | D:1      | Found a faded altar of an unknown god.
    66 | D:1      | Became a worshipper of Qazlal Stormbringer
    66 | D:1      | Reached * piety under Qazlal
    83 | D:$      | Got out of the dungeon alive.

Illustrated notes

Levels and vault maps discovered:
D:1:      heliophobic_arrival_henge, layout_basic,
          ebering_ecumenical_altar_hall, grunt_decor_cap

Action                   || total
-------------------------++-------
Melee: Trident           ||     3
Dodge: Dodged            ||     1

Table legend: (Time is in decaauts)
 A = Elapsed time spent in this place.
 B = Non-inter-level travel time spent in this place.
 C = Inter-level travel time spent in this place.
 D = Time resting spent in this place.
 E = Time spent auto-exploring this place.
 F = Levels seen in this place.
 G = Mean time per level.
                   A        B        C        D        E       F      G
               +--------+--------+--------+--------+--------+-----+--------+
         Total |     84 |     69 |     15 |      0 |     42 |   1 |   84.0 |
       Dungeon |     84 |     69 |     15 |      0 |     42 |   1 |   84.0 |
               +--------+--------+--------+--------+--------+-----+--------+

Top non-repeatable levels by time:
     D:1: 84 daAuts
